 Dungeon Crawl Stone Soup version 0.31.0-11-ge490571c62 (webtiles) character file.

Game seed: 3481820829752837968

1036 dialectric the Cudgeller (level 8, -1/51 HPs)
             Began as a Gargoyle Berserker on Feb 1, 2024.
             Was a Priest of Trog.
             Slain by an orc priest
             ... wielding a +0 dagger
              (3 damage)
             ... on level 5 of the Dungeon.
             The game lasted 00:04:59 (3730 turns).

dialectric the Cudgeller (Gargoyle Berserker)       Turns: 3730, Time: 00:05:00

Health: -1/51      AC: 15    Str: 23    XL:     8   Next: 24%
Magic:  0/8        EV: 12    Int:  8    God:    Trog [***...]
Gold:   249        SH:  0    Dex: 19    Spells: 7/7 levels left

rFire   . . .        a - +0 mace
rCold   . . .        (no shield)
rNeg    + . .        o - +0 ring mail
rPois   ∞            e - +0 helmet
rElec   +            (no cloak)
rCorr   .            (no gloves)
SInv    +            h - +1 pair of boots
Will    .....        w - amulet of guardian spirit Stlth
                     k - +6 ring of dexterity
HPRegen 0.28/turn    u - ring of Hoabaoz {Dex+4 SInv}
MPRegen 0.11/turn

%: guardian spirit
@: confused
A: sickness immunity, AC +5, negative energy resistance 1, electricity
resistance, torment resistance 1, petrification resistance
a: Renounce Religion, Berserk, Trog's Hand


You were on level 5 of the Dungeon.
You worshipped Trog.
Trog was most pleased with you.
You visited 1 branch of the dungeon, and saw 5 of its levels.

You collected 249 gold pieces.

Inventory:

Hand Weapons
 a - a +0 mace (weapon)
Missiles
 b - 2 poisoned darts (quivered)
Armour
 e - a +0 helmet (worn)
 h - a +1 pair of boots (worn)
 o - a +0 ring mail (worn)
Jewellery
 k - a +6 ring of dexterity (left hand)
 u - the ring of Hoabaoz (right hand) {Dex+4 SInv}
   (You found it on level 4 of the Dungeon)

   [ring of see invisible]

   Dex+4:     It affects your dexterity (+4).
   SInv:      It lets you see invisible.
 w - an amulet of guardian spirit (around neck)
Wands
 v - a wand of flame (10)
Scrolls
 d - 5 scrolls of identify {unknown}
 j - a scroll of blinking {unknown}
 m - 6 scrolls of teleportation {unknown}
 n - 2 scrolls of acquirement {unknown}
 q - a scroll of enchant armour {unknown}
 t - a scroll of poison {unknown}
 x - a scroll of fog {unknown}
Potions
 c - a potion of haste {unknown}
 f - 3 potions of attraction {unknown}
 g - a potion of mutation {unknown}
 i - 3 potions of enlightenment {unknown}
 l - a potion of might {unknown}
 p - a potion of heal wounds {unknown}
 r - a potion of lignification {unknown}
 s - a potion of ambrosia {unknown}


   Skills:
 * Level 5.8 Fighting
 + Level 6.5 Maces & Flails
 + Level 0.2 Throwing
 + Level 4.7 Armour
 + Level 3.3 Dodging
 - Level 2.3 Stealth


You had 7 spell levels left.
You didn't know any spells.
Your spell library was empty.

Dungeon Overview and Level Annotations

Branches:
Dungeon (5/15)
 Temple: D:4-7

Altars:
Elyvilon
Gozag
Nemelex Xobeh

Annotations:
D:5 Pikel


Innate Abilities, Weirdness & Mutations

You are immune to sickness and miasma.
Your stone body is resilient. (AC +5)
You are immune to poison.
You resist negative energy. (rN+)
You are resistant to electric shocks. (rElec)
You are resistant to unholy torment.
You are immune to petrification.


Message History

The orc priest begins to cast a cantrip, but forgets the words!
The orc closely misses you. The lemure hits you but does no damage.
The orc wizard mumbles some strange words.
The orc wizard flickers and vanishes for a moment.
The lemure misses you. The orc barely misses you.
The orc priest closely misses you.
You hear the rapid rusting of a very distant drain.
The orc wizard hits you but does no damage.
The orc priest calls down the wrath of Beogh upon you.
Beogh smites you!
* * * LOW HITPOINT WARNING * * *
Unknown command.
The orc wizard mumbles some strange words.
The orc wizard flickers and vanishes for a moment.
The orc wizard closely misses you.
The orc hits you from afar with a +3 trident!
* * * LOW HITPOINT WARNING * * *
The orc priest hits you with a +0 dagger.
* * * LOW HITPOINT WARNING * * *
The orc wizard casts a spell at you. You resist with some effort.
The orc wizard gestures at you while chanting.
You are confused.
Unknown command.
You hit the orc wizard.
The orc wizard is heavily wounded.
The orc wizard barely misses you. The orc hits you but does no damage.
The orc wizard hits you but does no damage.
Unknown command.
The orc wizard points at you and mumbles some strange words.
The magic dart hits you.
* * * LOW HITPOINT WARNING * * *
The orc barely misses you.
The orc wizard hits you with a +0 dagger.
* * * LOW HITPOINT WARNING * * *
There is a stone staircase leading up here.
The orc wizard hits you but does no damage.
The orc wizard closely misses you.
The orc priest hits you with a +0 dagger.
You die...

.#.).....
............(.....
#####.............###.
#.................# #.
##................## ##
.................
#................
#.........#.#....
###o@......#...... .
##>5ooo...........# #.
###..5K5o...........###.
#.....5.................
#..##...>.............##..
#.......#..............##..
##......#......#......... .
#..##.........##.##.#.. .
##. ............## # ..


You could see Pikel, 4 lemures, an orc priest, 3 orc wizards and an orc.

Vanquished Creatures
  A water moccasin (D:4)
  An ogre (D:4)
  A centaur (D:5)
  A phantom (D:5)
  A scorpion (D:4)
  5 killer bees (D:5)
  A bombardier beetle (D:5)
  4 hounds
  Terence (D:3)
  2 iguanas
  A sleepcap (D:4)
  An orc wizard (D:4)
  Robin (D:3)
  4 adders
  A dart slug (D:4)
  4 ribbon worms
  3 orcs
  4 ball pythons
  4 bats
  5 endoplasms
  3 giant cockroaches
  22 goblins
  10 hobgoblins
  4 jackals
  4 kobolds
  3 quokkas (D:3)
  4 frilled lizards (D:3)
  6 rats
102 creatures vanquished.

Notes
Turn   | Place    | Note
-------+----------+-------------------------------------------
     0 | D:1      | dialectric the Gargoyle Berserker began the quest for the
                  | Orb.
     0 | D:1      | Reached XP level 1. HP: 14/14 MP: 1/1
   122 | D:1      | Reached XP level 2. HP: 19/19 MP: 2/2
   873 | D:2      | Reached XP level 3. HP: 10/24 MP: 3/3
   949 | D:2      | Found a faded altar of an unknown god.
  1140 | D:2      | Reached ** piety under Trog
  1380 | D:2      | Reached XP level 4. HP: 29/29 MP: 4/4
  1406 | D:2      | Reached skill level 4 in Maces & Flails
  1776 | D:3      | Noticed Terence
  1784 | D:3      | Killed Terence
  1785 | D:3      | Reached XP level 5. HP: 33/33 MP: 5/5
  1820 | D:3      | Noticed Robin
  1865 | D:3      | Killed Robin
  2294 | D:4      | Noticed an ogre
  2303 | D:4      | Killed an ogre
  2304 | D:4      | Reached skill level 5 in Maces & Flails
  2304 | D:4      | Reached skill level 1 in Stealth
  2304 | D:4      | Reached XP level 6. HP: 16/39 MP: 6/6
  2597 | D:4      | Identified the ring of Hoabaoz {Dex+4 SInv}
  2646 | D:4      | Reached *** piety under Trog
  2647 | D:4      | Reached XP level 7. HP: 44/44 MP: 7/7
  2891 | D:4      | Found a sparkling altar of Nemelex Xobeh.
  2892 | D:4      | Found an opulent altar of Gozag.
  3049 | D:4      | Found a white marble altar of Elyvilon.
  3165 | D:5      | Entered Level 5 of the Dungeon
  3384 | D:5      | Reached skill level 5 in Fighting
  3470 | D:5      | Reached skill level 6 in Maces & Flails
  3486 | D:5      | Reached XP level 8. HP: 50/50 MP: 6/8
  3700 | D:5      | Noticed Pikel
  3729 | D:5      | HP: 2/51 [orc wizard/+0 dagger (3)]
  3730 | D:5      | Slain by an orc priest

Illustrated notes

Levels and vault maps discovered:
D:1:      minmay_arrival_doors, layout_loops_ring
D:2:      layout_basic, chequers_ecumenical_altar_twisty, minmay_3d_cube
D:3:      kennysheep_six_static_rooms, layout_loops_ring,
          uniq_crazy_yiuf_cottage, uniq_terence, uniq_robin
D:4:      cheibrodos_helix_gallery, layout_loops_ring, kennysheep_mini,
          grunt_temple_overflow_opulence
D:5:      layout_cave_pools, portal_sewer_entry_e, nicolae_wormholes, uniq_pikel

Skill      XL: |  1  2  3  4  5  6  7 |
---------------+----------------------+-----
Maces & Flails | 4 5 6 |  6.5
Fighting       | 4 5 |  5.8
Dodging        | 2 3 |  3.3
Stealth        | 1 2 |  2.3
Armour         | 3 4 |  4.7
Throwing       | |  0.2

Action                     |  1- 3 |  4- 6 |  7- 9 || total
---------------------------+-------+-------+-------++-------
  Melee: Mace              |    95 |   182 |   109 ||   386
         Punch             |     1 |     3 |     2 ||     6
  Throw: Dart              |       |     2 |       ||     2
 Invoke: Berserk           |       |     2 |     2 ||     4
   Stab: Sleeping          |       |     1 |       ||     1
 Armour: Animal skin       |    55 |    19 |       ||    74
         Ring mail         |       |   118 |   129 ||   247
  Dodge: Dodged            |    66 |   133 |   111 ||   310
